 Dungeon Crawl Stone Soup version 0.23-a0-171-g5ae17c6e89 (webtiles) character file.

156 PikkenKukken the Chopper (level 5, -9/49 HPs)
             Began as a Deep Dwarf Fighter on Sept 14, 2018.
             Mangled by an orc wizard
             ... wielding a +2 dagger of electrocution
              (16 damage)
             ... on level 3 of the Dungeon.
             The game lasted 00:02:55 (1646 turns).

PikkenKukken the Chopper (Deep Dwarf Fighter)       Turns: 1646, Time: 00:02:55

Health: -9/49      AC: 10    Str: 20    XL:     5   Next: 15%
Magic:  3/3        EV:  7    Int: 11    God:
Gold:   150        SH:  9    Dex: 12    Spells: 4/4 levels left

rFire    . . .     SeeInvis .   a - +0 war axe
rCold    . . .     Gourm    .   c - +0 shield
rNeg     . . .     Faith    .   b - +1 scale mail
rPois    .         Spirit   .   (no helmet)
rElec    .         Reflect  .   l - +0 cloak
rCorr    .         Harm     .   (no gloves)
MR       .....                  n - +0 pair of boots
Stlth    ..........             (no amulet)
HPRegen  0.00/turn              (no ring)
MPRegen  0.08/turn              (no ring)

@: non-regenerating, drained
A: damage resistance, heal wounds, claws 1, clever 1, sense surroundings 1, no
regeneration
a: Heal Wounds


You were on level 3 of the Dungeon.
You were not hungry.

You visited 1 branch of the dungeon, and saw 3 of its levels.

You collected 150 gold pieces.

Inventory:

Hand Weapons
 a - a +0 war axe (weapon)
Armour
 b - a +1 scale mail (worn)
 c - a +0 shield (worn)
 l - a +0 cloak (worn)
 n - a +0 pair of boots (worn)
Scrolls
 g - a scroll of remove curse
 j - 3 scrolls of teleportation
 k - a scroll of fog {unknown}
 p - 2 scrolls of identify
 r - a scroll of enchant armour
Potions
 d - a potion of might
 e - a potion of ambrosia {unknown}
 h - 4 potions of curing
 i - a potion of flight
 m - a potion of berserk rage {unknown}
 o - a potion of heal wounds {unknown}
Comestibles
 f - 4 rations
 q - 12 chunks of flesh


   Skills:
 + Level 3.5(2.9) Fighting
 * Level 4.5(3.9) Axes
 + Level 4.2(3.7) Armour
 - Level 3.2(2.7) Shields


You had 4 spell levels left.
You didn't know any spells.
Your spell library was empty.

Dungeon Overview and Level Annotations

Branches:
Dungeon (3/15)

Altars:
Gozag
Kikubaaqudgha
Sif Muna
Trog
Uskayaw


Innate Abilities, Weirdness & Mutations

You are resistant to damage.
You can heal yourself by infusing magical energy.
You passively map a small area around you.
You do not regenerate.
You have sharp fingernails.
Your mind is acute. (Int +2)


Message History

You are too confused!
You are too confused!
You are too confused!
You closely miss something. Something hits you but does no damage.
Unknown command.
You bump into the rock wall.
Something hits you but does no damage.
You are electrocuted!
Unknown command.
You closely miss something.
Something hits you but does no damage. x2
Unknown command.
You closely miss something.
You feel less confused. You block something's attack.
Unknown command.
You miss something. Something hits you but does no damage.
You are electrocuted!
* * * LOW HITPOINT WARNING * * *
You miss something.
Something hits you but does no damage. x2
You are electrocuted!
You die...

, #### *, , *
#{o , #{# ###
#@# , *
##.#####†######
#...........s...
##.####.########
,* , #.# #.# *,
** #.# #.# * #(#
#.# *, , #.#
#.#####
#.####.....#


You could see an orc.

Vanquished Creatures
  Crazy Yiuf (D:2)
  4 gnolls (D:3)
  An adder (D:3)
  An ooze (D:1)
  4 worms (D:2)
  2 dart slugs (D:3)
  2 leopard geckos (D:2)
  2 orcs (D:3)
  5 bats
  6 giant cockroaches
  3 goblins
  5 hobgoblins
  4 jackals (D:2)
  5 kobolds
  A quokka (D:2)
  2 ball pythons
  3 frilled lizards
  3 rats
54 creatures vanquished.

Notes
Turn   | Place    | Note
-------+----------+-------------------------------------------
     0 | D:1      | PikkenKukken the Deep Dwarf Fighter began the quest for the
                  | Orb.
     0 | D:1      | Reached XP level 1. HP: 20/20 MP: 1/1
     3 | D:1      | Noticed an electric eel
     3 | D:1      | Noticed an electric eel
    65 | D:1      | Reached XP level 2. HP: 18/27 MP: 2/2
   635 | D:2      | Gained mutation: Your mind is acute. (Int +2) [potion of
                  | mutation]
   635 | D:2      | Gained mutation: You have sharp fingernails. [potion of
                  | mutation]
   694 | D:2      | Reached XP level 3. HP: 33/34 MP: 2/2
   716 | D:2      | Found a bloodstained altar of Trog.
   730 | D:2      | Found a hide-covered altar of Uskayaw.
  1023 | D:2      | Found a deep blue altar of Sif Muna.
  1023 | D:2      | Found an ancient bone altar of Kikubaaqudgha.
  1024 | D:2      | Found an opulent altar of Gozag.
  1349 | D:2      | Found a runed door.
  1353 | D:2      | Noticed Crazy Yiuf
  1360 | D:2      | Killed Crazy Yiuf
  1360 | D:2      | Reached XP level 4. HP: 35/42 MP: 2/2
  1533 | D:3      | Reached XP level 5. HP: 40/49 MP: 3/3
  1646 | D:3      | Mangled by an orc wizard

Vault maps used:
D:1:      arrival_aquarium_b, minivault_11
D:2:      minmay_wonky_spiral, nicolae_overflow_hidden_temple,
          uniq_crazy_yiuf_cottage
D:3:      led_xom_imps

Skill      XL: |  1  2  3  4 |
---------------+-------------+-----
Axes           | 3 4 |  4.5
Fighting       | 3 |  3.5
Armour         | 4 |  4.2
Shields        | |  3.2

Action                   |  1- 3 |  4- 6 || total
-------------------------+-------+-------++-------
Melee: War axe           |   134 |    58 ||   192
 Abil: Heal Wounds       |     2 |       ||     2
  Use: Scroll            |     7 |       ||     7
       Potion            |     1 |     1 ||     2
  Eat: Chunk             |     2 |     1 ||     3
Armor: Scale mail        |    67 |    27 ||    94
Dodge: Dodged            |    40 |     8 ||    48
Block: Shield            |    65 |    25 ||    90

Table legend:
 A = Non-vault XP
 B = Vault XP
 C = Vault XP percentage of total XP
 D = Non-vault monster count
 E = Vault monster count
 F = Vault count percentage of total count
                 A         B        C        D         E       F
            +---------+---------+-------+---------+---------+-------
      Total |     175 |      49 |  21.9 |      51 |       3 |   5.6
            +---------+---------+-------+---------+---------+-------
        D:1 |      31 |       0 |   0.0 |      15 |       0 |   0.0
        D:2 |      44 |      49 |  52.7 |      18 |       3 |  14.3
        D:3 |     100 |       0 |   0.0 |      18 |       0 |   0.0
            +---------+---------+-------+---------+---------+-------
